 Dungeon Crawl Stone Soup version 0.21.1-1-g345015f (webtiles) character file.

185 Kryn the Ducker (level 5, 0/53 HPs)
             Began as a Troll Fighter on June 10, 2018.
             Was an Initiate of Makhleb.
             Succumbed to a scorpion's poison
             ... on level 5 of the Dungeon.
             The game lasted 00:35:47 (3637 turns).

Kryn the Ducker (Troll Fighter)                     Turns: 3637, Time: 00:35:48

Health: 0/53       AC:  6    Str: 34    XL:     5   Next: 37%
Magic:  4/4        EV:  8    Int:  4    God:    Makhleb [......]
Gold:   148        SH: 10    Dex:  9    Spells: 4/4 levels left

rFire    . . .     SeeInvis .   a - +0 flail
rCold    . . .     Gourm    +   c - +0 shield
rNeg     . . .     Faith    .   b - +0 robe
rPois    .         Spirit   .   (helmet restricted)
rElec    .         Reflect  .   y - +0 cloak
rCorr    .         Harm     .   (gloves unavailable)
MR       .....     Rnd*Tele +   (boots unavailable)
Stlth    +.........             (no amulet)
HPRegen  0.57/turn              M - ring of teleportation (curse)
MPRegen  0.09/turn              A - +4 ring of strength

@: mighty, lethally poisoned (0 -> -4)
A: large, unfitting armour, claws 3, fast metabolism 3, gourmand, regeneration
1, shaggy fur 1, tough skin 2
a: Renounce Religion


You were on level 5 of the Dungeon.
You worshipped Makhleb.
Makhleb was noncommittal.
You were not hungry.

You visited 1 branch of the dungeon, and saw 6 of its levels.

You collected 148 gold pieces.

Inventory:

Hand Weapons
 a - a +0 flail (weapon)
 m - a +0 dagger
 n - a +0 club
 q - a +0 spear
 r - a +0 short sword
 s - a +0 short sword
 v - a +0 club
 x - a +0 dagger
 z - a +0 dagger
 B - a +0 hand axe
 D - a cursed -1 whip
Missiles
 g - 3 tomahawks (quivered)
 u - 169 stones
 w - 59 arrows
 L - 52 bolts
 N - 5 sling bullets
Armour
 b - a +0 robe (worn)
 c - a +0 shield (worn)
 o - a +0 ring mail
 y - a +0 cloak (worn)
 F - a +0 leather armour
 I - a +0 scale mail
 P - a +0 pair of boots
Jewellery
 A - a +4 ring of strength (right claw)
 M - a cursed ring of teleportation (left claw)
Wands
 k - a wand of clouds (4)
Scrolls
 i - 4 scrolls of immolation {unknown}
 l - 7 scrolls of identify {unknown}
 t - 5 scrolls of teleportation {unknown}
 C - 3 scrolls of remove curse {unknown}
 G - 2 scrolls of random uselessness {unknown}
 H - a scroll of fog {unknown}
 J - a scroll of magic mapping {unknown}
 O - a scroll of blinking {unknown}
Potions
 e - a potion of cancellation {unknown}
 h - 2 potions of berserk rage {unknown}
 j - 2 potions of haste {unknown}
 p - 4 potions of curing {unknown}
 E - a potion of degeneration {unknown}
 K - 3 potions of lignification {unknown}
Comestibles
 f - 12 rations


   Skills:
 + Level 3.0 Fighting
 + Level 3.3 Maces & Flails
 + Level 0.1 Throwing
 + Level 3.3 Dodging
 + Level 3.0 Shields


You had 4 spell levels left.
You didn't know any spells.

Dungeon Overview and Level Annotations

Branches:
Dungeon (6/15)
 Temple: D:4-7

Altars:
Cheibriados
Dithmenos
Makhleb

Shops:
D:4 =

Annotations:
D:4 Jevel shop


Innate Abilities, Weirdness & Mutations

You are too large for most types of armour.
You have claws for hands.
Your metabolism is lightning-fast.
You like to eat raw meat.
Your natural rate of healing is unusually fast.
You are covered in fur. (AC +1)
You have very tough skin. (AC +2)


Message History

A - a +4 ring of strength (right claw)
The scorpion stings you.
* * * LOW HITPOINT WARNING * * *
You are more poisoned.
The scorpion poisons you!
You feel very mighty all of a sudden.
You feel sick. The adder barely misses you. The iguana barely misses you.
You block the scorpion's attack. The adder bites you.
* * * LOW HITPOINT WARNING * * *
You closely miss the iguana.
The iguana is heavily wounded.
You feel sick. You block the iguana's attack. You block the adder's attack.
The scorpion stings you.
* * * LOW HITPOINT WARNING * * *
The iguana bites you.
* * * LOW HITPOINT WARNING * * *
Unknown command.
You hit the scorpion.
The scorpion is moderately wounded.
You die...

#. ..
.##.#
....#
##
...#
...
...#
..
#r.#.#
#lS..#
#@#
#s#
..#
####


You could see a scorpion, an iguana, an adder and a quokka.

Vanquished Creatures
  A hound (D:4)
  6 adders
  A shadow imp (D:2)
  2 oozes
  An adder skeleton (D:3)
  3 worms
  2 dart slugs
  3 orcs (D:3)
  2 giant cockroaches (D:1)
  6 goblins
  7 hobgoblins
  10 kobolds
  2 quokkas (D:2)
  2 ball pythons
  11 bats
  3 frilled lizards
  9 rats
71 creatures vanquished.

Notes
Turn   | Place    | Note
-------+----------+-------------------------------------------
     0 | D:1      | Kryn the Troll Fighter began the quest for the Orb.
     0 | D:1      | Reached XP level 1. HP: 22/22 MP: 0/0
   321 | D:1      | Reached XP level 2. HP: 29/29 MP: 1/1
   747 | D:1      | Reached XP level 3. HP: 33/36 MP: 2/2
  1293 | D:2      | Found a shadowy altar of Dithmenos.
  1595 | D:2      | Reached XP level 4. HP: 29/44 MP: 3/3
  2453 | D:3      | Reached XP level 5. HP: 43/52 MP: 4/4
  2740 | D:3      | Found a burning altar of Makhleb.
  2750 | D:3      | Became a worshipper of Makhleb the Destroyer
  3260 | D:4      | Found a snail-covered altar of Cheibriados.
  3492 | D:4      | Found Nuonuq's Jewellery Shoppe.
  3573 | D:5      | Entered Level 5 of the Dungeon
  3636 | D:5      | HP: 2/53 [iguana (2)]
  3637 | D:5      | Succumbed to a scorpion's poison

Skill      XL: |  1  2  3  4  5 |
---------------+----------------+-----
Maces & Flails | 2 3 |  3.3
Dodging        | 3 |  3.3
Fighting       | 3 |  3.0
Shields        | 3 |  3.0
Throwing       | |  0.1

Action                   |  1- 3 |  4- 6 || total
-------------------------+-------+-------++-------
Melee: Flail             |   174 |   137 ||   311
Throw: Throwing net      |     1 |       ||     1
       Stone             |     6 |     2 ||     8
       Tomahawk          |       |     1 ||     1
  Use: Potion            |     1 |     2 ||     3
  Eat: Chunk             |    20 |    12 ||    32
       Ration            |       |     1 ||     1
Armor: Robe              |   107 |    51 ||   158
Dodge: Dodged            |    77 |    59 ||   136
Block: Shield            |   109 |    93 ||   202
